 Dungeon Crawl Stone Soup version 0.26-b1-32-g5d43845318 (webtiles) character file.

Game seed: 7872904001172702573

2202 Dirian the Cleaver (level 9, 0/78 HPs)
             Began as a Hill Orc Fighter on Jan 12, 2021.
             Was a Follower of Beogh.
             Slain by Harold
             ... wielding a +0 halberd
              (4 damage)
             ... on level 7 of the Dungeon.
             The game lasted 00:08:56 (8251 turns).

Dirian the Cleaver (Hill Orc Fighter)               Turns: 8251, Time: 00:08:57

Health: 0/78       AC:  5    Str: 22    XL:     9   Next: 34%
Magic:  7/13       EV:  6    Int:  8    God:    Beogh [*.....]
Gold:   348        SH: 11    Dex: 10    Spells: 8/8 levels left

rFire    . . .     SeeInvis .   a - +1 war axe
rCold    . . .     Faith    .   c - +1 kite shield
rNeg     . . .     Spirit   .   n - +0 chain mail
rPois    .         Reflect  .   u - +0 helmet
rElec    .         Harm     .   o - scarf {shadows}
rCorr    .         Rampage  .   k - +0 pair of gloves
Will     .....                  (no boots)
Stlth    ..........             (no amulet)
HPRegen  0.23/turn              (no ring)
MPRegen  0.13/turn              (no ring)

@: marked, corroded, hasted, very quick
A: no striking features
a: Renounce Religion


You were on level 7 of the Dungeon.
You worshipped Beogh.
Beogh was aware of your devotion.
You visited 1 branch of the dungeon, and saw 7 of its levels.

You collected 348 gold pieces.

Inventory:

Hand Weapons
 a - a +1 war axe (weapon)
Armour
 b - a +0 plate armour
 c - a +1 kite shield (worn)
 k - a +0 pair of gloves (worn)
 n - a +0 chain mail (worn)
 o - a scarf of shadows (worn)
 u - a +0 helmet (worn)
Wands
 e - a wand of disintegration (10)
Scrolls
 f - 2 scrolls of enchant weapon
 i - 5 scrolls of magic mapping
 j - a scroll of immolation {unknown}
 r - a scroll of enchant armour
 t - 4 scrolls of teleportation
 x - 5 scrolls of remove curse
 z - 4 scrolls of blinking
Potions
 d - a potion of magic {unknown}
 g - a potion of cancellation {unknown}
 l - a potion of resistance {unknown}
 m - 4 potions of flight {unknown}
 p - a potion of degeneration {unknown}
 q - 7 potions of curing


   Skills:
 + Level 6.6 Fighting
 + Level 10.2 Axes
 + Level 6.8 Armour
 - Level 5.0 Shields
 * Level 6.4 Invocations


You had 8 spell levels left.
You didn't know any spells.
Your spell library contained the following spells:

 Spells                   Type           Power        Failure   Level
 Animate Skeleton         Necr           0%           100%        1
 Apportation              Tloc           0%           100%        1
 Corona                   Hex            0%           100%        1
 Summon Small Mammal      Summ           0%           100%        1


Dungeon Overview and Level Annotations

Branches:
Dungeon (7/15)             Temple (0/1) D:5

Altars:
Gozag
Vehumet

Annotations:
D:4 1 runed translucent door, p0werm0de's ghost, amateur MiFi
D:5 3 runed translucent doors, kuzco6543's ghost, novice DENe
D:7 Harold


Message History

Harold is moderately wounded.
You hit Harold.
Harold is moderately wounded.
Harold zaps a wand.
The bolt of acid hits you.
* * * LOW HITPOINT WARNING * * *
The acid corrodes you!
You are splashed with acid!
* * * LOW HITPOINT WARNING * * *
Aiming: Smiting
Press: ? - help, Dir - move target, f - Harold Smite: Harold, wielding a +0 halberd, wearing a +4 ring mail of cold resistance and carrying a wand of acid (6) (moderately wounded)
You smite Harold!
Harold is heavily wounded.
Aiming: Smiting
Press: ? - help, Dir - move target, f/p - Harold Smite: Harold, wielding a +0 halberd, wearing a +4 ring mail of cold resistance and carrying a wand of acid (6) (heavily wounded)
You smite Harold!
Harold is severely wounded.
You can no longer smite your foes.
Harold hits you with a +0 halberd.
You die...

.>...............#######.# #...#.
#..######.######.........# #...#.
...# #.#.......######## ##.##.
#..# #.#.......# #....
#..######.#.......##############.
.................................
#########.#.......#########.####.
#.#######@#########.####.
#.######@................
#.....####............... #.###.#
#..######..##### #######+###.##
##.## #..##### #............#
#..# #..<...# #........(...#
#..## #..###.. ###............#
#...# #..# #.. ...............#
#.#.# #..# #.. ...............#
#.#.####..###..


You could see Harold.

Vanquished Creatures
  An unseen horror (D:7)
  An ice beast (D:6)
  A black bear (D:6)
  An ogre (D:5)
  2 phantoms
  A centaur (D:7)
  A wyvern skeleton (D:6)
  A water moccasin skeleton (D:6)
  4 scorpions
  2 howler monkeys (D:4)
  2 bullfrog zombies
  2 hounds
  2 bullfrog skeletons
  An orc priest (D:5)
  3 orc wizards (D:5)
  Jessica (D:3)
  2 iguanas (D:5)
  3 worker ants
  7 gnolls
  17 adders
  2 shadow imps
  A white imp (D:5)
  An ufetubus (D:3)
  An ooze (D:3)
  An adder skeleton (D:4)
  2 worms (D:2)
  3 dart slugs
  6 leopard geckos
  11 orcs
  6 bats
  3 giant cockroaches
  8 goblins
  3 hobgoblins
  7 jackals
  6 quokkas
  A ball python (D:6)
  5 frilled lizards
  4 kobolds
  A leopard gecko skeleton (D:7)
  A quokka skeleton (D:4)
  2 rats
130 creatures vanquished.

Notes
Turn   | Place    | Note
-------+----------+-------------------------------------------
     0 | D:1      | Dirian the Hill Orc Fighter began the quest for the Orb.
     0 | D:1      | Reached XP level 1. HP: 19/19 MP: 1/1
   179 | D:1      | Reached XP level 2. HP: 27/27 MP: 2/2
   226 | D:1      | Reached skill level 3 in Axes
   658 | D:2      | Reached XP level 3. HP: 25/33 MP: 3/3
  1415 | D:2      | Reached skill level 4 in Axes
  1415 | D:2      | Reached XP level 4. HP: 27/40 MP: 4/4
  1862 | D:3      | Found a radiant altar of Vehumet.
  1862 | D:3      | Found an opulent altar of Gozag.
  2163 | D:3      | Became a worshipper of Beogh the Brigand
  2368 | D:3      | Reached XP level 5. HP: 47/47 MP: 5/5
  2394 | D:3      | You fall into a shaft and drop 3 floors!
  2410 | D:5      | Entered Level 5 of the Dungeon
  2410 | D:5      | Found a runed translucent gate.
  2410 | D:5      | Found a runed translucent gate.
  2410 | D:5      | Found a runed translucent gate.
  2412 | D:5      | Noticed kuzco6543's ghost (novice DENe)
  2423 | D:5      | Reached skill level 5 in Axes
  2423 | D:5      | Reached skill level 1 in Invocations
  3279 | D:3      | Noticed Jessica
  3286 | D:3      | Killed Jessica
  3287 | D:3      | Reached XP level 6. HP: 30/53 MP: 7/7
  3488 | D:4      | Noticed a phantom
  3512 | D:4      | Killed a phantom
  3513 | D:4      | Reached skill level 6 in Axes
  3533 | D:4      | Reached * piety under Beogh
  3881 | D:4      | Found a runed translucent door.
  3886 | D:4      | Noticed p0werm0de's ghost (amateur MiFi)
  4038 | D:4      | Reached XP level 7. HP: 60/60 MP: 9/9
  4614 | D:5      | Reached skill level 5 in Fighting
  4614 | D:5      | Reached skill level 7 in Axes
  5064 | D:5      | Reached skill level 5 in Shields
  5333 | D:5      | Found a staircase to the Ecumenical Temple.
  5548 | D:5      | Reached skill level 5 in Armour
  5584 | D:5      | Reached XP level 8. HP: 51/68 MP: 11/11
  6204 | D:6      | Reached skill level 8 in Axes
  6301 | D:6      | Reached skill level 5 in Invocations
  6620 | D:6      | Reached ** piety under Beogh
  6927 | D:6      | Reached skill level 9 in Axes
  7443 | D:7      | Killed an unseen horror
  7444 | D:7      | Reached XP level 9. HP: 40/78 MP: 6/13
  7629 | D:7      | Reached skill level 10 in Axes
  8186 | D:7      | Noticed Harold
  8251 | D:7      | Slain by Harold

Illustrated notes

Levels and vault maps discovered:
D:1:      tarquinn_simple_flora_water_c, layout_rooms
D:2:      layout_basic
D:3:      layout_loops_corners, chequers_temple_overflow_statue_of_worship,
          kennysheep_jessica_study
D:4:      layout_basic, ebering_ghost_inner_flame
D:5:      layout_basic, temple_hall, gammafunk_ghost_split
D:6:      layout_cave_pods, chequers_serial_rivers_micro_e
D:7:      layout_basic, uniq_harold

Skill      XL: |  1  2  3  4  5  6  7  8  9 |
---------------+----------------------------+-----
Axes           | 3 4 5 6 7 9 10 | 10.2
Fighting       | 4 5 6 |  6.6
Armour         | 4 5 6 |  6.8
Shields        | 4 5 |  5.0
Invocations    | 1 2 4 6 |  6.4

Action                   |  1- 3 |  4- 6 |  7- 9 || total
-------------------------+-------+-------+-------++-------
Melee: War axe           |   100 |   191 |   225 ||   516
Invok: Convert to Beogh  |       |     1 |       ||     1
       Smiting           |       |       |     4 ||     4
  Use: Scroll            |       |     9 |     4 ||    13
       Potion            |       |       |     6 ||     6
Armor: Scale mail        |    31 |    87 |    20 ||   138
       Chain mail        |       |       |    78 ||    78
Dodge: Dodged            |    32 |    53 |    38 ||   123
Block: Kite shield       |    47 |    98 |   132 ||   277
